Map: Ruins of Endion

Players

ShakeZula - Winner!

  • Race: Zerg Zerg
  • League: Diamond

capac

  • Race: Terran Terran
  • League: Gold

VOD

Have the link to the VOD?

Description

Time

  • Played on: April 25, 2016, 5:18 p.m.
  • Length: 24:38
Show
View Real Time Build Order
Export as new Build Order

ShakeZula Zerg - Winner!

Build Orders: Hatch First 

Get SALT Encoding   

  12  0:01  Drone  
  13  0:08  Drone  
  14  0:17  Overlord  
  14  0:24  Extractor  
  14  0:25  Drone  
  15  0:36  Drone x2  
  17  0:55  Hatchery  
  16  0:57  Drone  
  17  1:12  Spawning Pool  
  17  1:14  Extractor  
  17  1:15  Drone  
  16  1:18  Drone  
  17  1:25  Drone  
  18  1:39  Drone  
  19  1:42  Drone  
  20  1:51  Hatchery  
  19  1:57  Overlord  
  19  2:10  Queen  
  21  2:17  Queen  
  21  2:20  Zergling x2  
  24  2:28  Extractor  
  23  2:35  Drone x2  
  23  2:36  Drone  
  26  3:02  Lair  
  26  3:07  Drone x3  
  26  3:10  Drone x3  
  32  3:17  Queen  
  32  3:18  Drone  
  32  3:19  Drone  
  35  3:36  Extractor  
  35  3:40  Extractor  
  33  3:43  Drone x5  
  33  3:46  Drone x4  
  42  3:52  Overlord  
  42  4:02  Overlord x2  
  42  4:14  Drone x3  
  45  4:20  Spire  
  44  4:24  Drone x2  
  47  4:31  Drone  
  47  4:33  Drone x4  
  47  4:35  Drone  
  52  4:42  Extractor x2  
  52  4:43  Drone x3  
  53  4:48  Overlord  
  53  4:51  Drone  
  53  4:52  Drone  
  55  4:56  Drone  
  56  5:09  Drone x4  
  60  5:22  Drone  
  60  5:23  Drone x6  
  60  5:24  Drone  
  60  5:25  Drone x2  
  66  5:49  Mutalisk x2  
  59  5:50  Mutalisk  
  59  5:51  Mutalisk  
  59  5:53  Overlord x3  
  65  6:09  Spine Crawler  
  65  6:10  Spine Crawler  
  63  6:11  Spine Crawler x2, Mutalisk x2  
  63  6:14  Spine Crawler  
  63  6:15  Mutalisk  
  63  6:16  Mutalisk  
  63  6:17  Zerg Flyer Armor Level 1  
  66  6:33  Queen  
  68  6:47  Overlord  
  68  6:48  Overlord x3  
  68  7:22  Hatchery  
  67  7:23  Extractor  
  67  7:24  Extractor  
  67  7:28  Mutalisk  
  67  7:29  Mutalisk x5  
  67  7:31  Mutalisk x3  
  69  7:48  Mutalisk  
  69  7:49  Mutalisk  
  73  8:20  Drone x5  
  73  8:21  Drone x2  
  73  8:22  Drone x3  
  83  8:39  Drone x2  
  83  8:40  Drone x2  
  83  8:41  Zerg Flyer Armor Level 2  
  87  8:45  Queen  
  87  8:46  Drone x2  
  91  8:56  Mutalisk x4  
  91  9:02  Mutalisk x3  
  103  9:04  Overlord  
  103  9:06  Overlord x2  
  105  9:32  Mutalisk x4  
  105  9:33  Mutalisk x2  
  105  9:34  Mutalisk  
  105  9:35  Mutalisk x4  
  127  9:45  Mutalisk  
  127  9:48  Overlord x2  
  127  9:50  Overlord  
  127  9:51  Overlord x2  
  129  10:27  Mutalisk x2  
  129  10:28  Mutalisk x3  
  135  10:29  Mutalisk x3  
  135  10:30  Mutalisk  
  147  10:46  Overlord x5  
  147  11:01  Zerg Flyer Weapons Level 1  
  147  11:02  Infestation Pit  
  146  11:07  Hatchery, Extractor  
  146  11:10  Extractor  
  135  11:53  Hive  
  79  12:55  Corruptor x5  
  79  12:56  Corruptor x7  
  101  13:23  Queen  
  101  13:24  Drone x3  
  106  13:41  Drone  
  106  13:43  Corruptor x3  
  106  13:44  Corruptor x3  
  106  13:46  Mutalisk x7  
  106  13:47  Mutalisk x5  
  143  13:50  Mutalisk  
  145  13:58  Corruptor x4  
  153  14:16  Zerg Flyer Armor Level 3  
  119  15:01  Mutalisk  
  119  15:02  Mutalisk x5  
  119  15:03  Mutalisk x2  
  119  15:04  Mutalisk x2  
  137  15:09  Hatchery  
  137  15:10  Extractor  
  137  15:13  Extractor  
  120  15:25  Mutalisk x3  
  116  16:09  Mutalisk x3  
  116  16:10  Mutalisk  
  122  16:13  Overlord  
  122  16:14  Overlord  
  122  16:15  Overlord x2  
  122  16:16  Overlord x4  
  118  16:50  Mutalisk x3  
  118  16:55  Mutalisk  
  118  17:00  Mutalisk  
  122  17:25  Hatchery  
  122  17:27  Extractor  
  122  17:29  Zerg Flyer Weapons Level 2, Extractor  
  119  17:39  Hatchery  
  119  17:40  Extractor  
  119  17:43  Extractor  
  112  18:15  Mutalisk x2  
  116  18:20  Drone x5  
  116  18:21  Drone x2  
  116  18:22  Drone x7  
  130  18:39  Queen  
  130  18:40  Drone  
  133  19:08  Queen  
  133  19:09  Drone x2  
  137  19:27  Drone x2  
  137  19:31  Mutalisk x3  
  139  19:33  Mutalisk x4  
  145  20:19  Mutalisk  
  145  20:20  Mutalisk x3  
  153  20:21  Mutalisk x2  
  153  20:22  Mutalisk  
  159  20:48  Drone x3  
  159  20:49  Mutalisk x2  
  162  20:50  Mutalisk  
  162  20:53  Zerg Flyer Weapons Level 3  
  166  21:11  Queen  
  151  21:26  Drone  
  151  21:27  Drone x4  
  151  21:28  Drone x3  
  151  21:29  Drone x2  
  161  21:53  Overlord x2  
  161  22:07  Mutalisk x2  
  161  22:08  Mutalisk  
  167  22:09  Mutalisk x6  
  179  22:19  Drone x3  
  180  22:47  Mutalisk x3  
  180  22:49  Mutalisk x3  
  180  22:50  Mutalisk x2  
  194  22:56  Corruptor  
  196  23:00  Corruptor  
  198  23:07  Corruptor  
Show
View Real Time Build Order
Export as new Build Order

capac Terran 

Build Orders: Reaper Expand, MMM Bio 

Get SALT Encoding   

  12  0:00  SCV  
  13  0:12  SCV  
  14  0:18  Supply Depot  
  14  0:24  SCV  
  15  0:40  SCV  
  15  0:41  Barracks  
  16  0:45  Refinery  
  16  0:56  SCV  
  17  1:08  SCV  
  18  1:20  SCV  
  19  1:29  Reaper  
  19  1:32  Orbital Command  
  20  1:43  Command Center  
  20  1:58  Supply Depot  
  20  2:00  SCV  
  21  2:01  Marine  
  22  2:16  Factory  
  22  2:20  Refinery  
  22  2:23  Barracks Reactor  
  22  2:36  Barracks  
  22  2:43  Barracks  
  22  3:00  Factory Tech Lab  
  22  3:07  Starport  
  22  3:11  Marine x2  
  22  3:12  Orbital Command  
  24  3:17  Bunker  
  24  3:20  SCV  
  25  3:34  Barracks Tech Lab  
  25  3:35  Barracks Reactor  
  25  3:41  SCV x2  
  27  3:46  Marine  
  28  3:53  SCV x2  
  30  4:03  Siege Tank  
  30  4:04  Medivac  
  35  4:10  Marine x3  
  38  4:18  Refinery  
  38  4:21  Marine x2  
  40  4:28  Marine  
  40  4:31  Marine  
  40  4:32  Marine  
  40  4:33  Stimpack  
  42  4:39  Marine  
  42  4:41  Marine  
  42  4:43  SCV x2  
  46  5:04  Supply Depot, Marine x4  
  46  5:05  SCV x2  
  52  5:09  Supply Depot  
  52  5:17  SCV x2  
  54  5:21  Starport Reactor  
  54  5:26  Marine x3, Siege Tank  
  60  5:45  Marine  
  60  5:46  Marine x3  
  64  5:58  Marine, Siege Tank  
  64  5:59  Medivac  
  70  7:06  Engineering Bay, Armory  
  70  7:07  Engineering Bay  
  70  7:10  Supply Depot, Marine  
  70  7:13  Marine x4, Siege Tank  
  76  7:19  Combat Shields  
  75  7:28  Marine  
  72  7:31  Marine x4  
  72  7:34  SCV x2  
  72  7:35  Refinery  
  78  7:42  Liberator  
  78  7:43  Liberator  
  74  7:46  Marine  
  74  7:49  Marine x4  
  79  7:53  Supply Depot  
  79  7:56  Supply Depot  
  79  8:04  Marine  
  86  8:14  Marine x4  
  86  8:15  SCV x2  
  92  8:21  Marine  
  92  8:22  Supply Depot  
  92  8:25  Barracks  
  93  8:27  Terran Infantry Weapons Level 1  
  93  8:29  Missile Turret  
  93  8:30  Liberator x2  
  93  8:32  Marine x2  
  93  8:33  SCV, Missile Turret  
  95  8:51  Supply Depot  
  95  8:58  SCV, Missile Turret  
  95  8:59  SCV  
  97  9:05  Marine x4  
  97  9:08  Missile Turret  
  101  9:12  Liberator  
  101  9:13  Liberator  
  100  9:25  SCV x2  
  108  9:35  Barracks Reactor  
  108  9:57  Command Center  
  108  10:00  Liberator x2  
  108  10:05  Supply Depot  
  108  10:14  Starport  
  108  10:20  Marine x4  
  118  10:24  Terran Infantry Armor Level 1  
  118  10:37  SCV  
  118  10:41  Marine x5  
  118  10:42  Marine  
  125  10:56  Starport Reactor  
  125  10:58  Marine  
  126  11:08  Marine x3, Medivac x2  
  133  11:12  Supply Depot  
  133  11:18  Liberator x2  
  133  11:28  Missile Turret  
  133  11:38  Liberator x2  
  119  12:01  Liberator  
  125  12:07  Marine x2  
  125  12:08  Marine x5  
  135  12:25  Marine  
  136  12:36  Sensor Tower  
  136  12:38  Sensor Tower  
  126  13:07  Marine x3  
  126  13:08  Marine x3  
  132  13:17  Marine  
  133  13:25  Marine x2  
  135  13:31  Refinery  
  135  13:46  Orbital Command  
  135  13:53  Marine x3  
  135  13:54  Marine  
  139  13:59  Supply Depot  
  139  14:06  Armory  
  139  14:25  Missile Turret  
  139  14:27  Missile Turret  
  139  14:28  SCV x2  
  141  14:39  Supply Depot, Marine  
  141  14:40  Marine x5  
  103  15:03  Medivac  
  103  15:04  Medivac x2  
  109  15:15  Marine x3  
  109  15:16  Marine x3  
  109  15:21  Marine  
  116  15:33  Marine x2  
  116  15:35  Marine x3  
  119  15:40  Liberator x4  
  121  15:44  SCV x2  
  121  15:45  SCV  
  114  16:09  Marine x3  
  114  16:10  Marine x2  
  117  16:23  Liberator x2  
  114  16:29  Marine  
  114  16:30  Marine x5  
  123  16:48  Liberator x2  
  129  17:08  Starport  
  129  17:23  Liberator x2  
  129  17:30  Orbital Command  
  130  18:05  Medivac  
  132  18:40  Liberator  
  132  18:47  Refinery  
  132  18:50  Refinery  
  131  19:23  Medivac  
  125  20:03  Missile Turret  
  125  20:11  Liberator x4  
  123  20:37  Missile Turret  
  123  20:39  Starport Reactor  
  123  20:51  Command Center  
  123  21:00  Liberator x2  
  123  21:01  Liberator  
  126  21:31  SCV x2  
  122  21:36  Liberator  
  116  21:40  Liberator  
  116  21:43  SCV x2  
  121  21:55  SCV  
  125  22:32  Liberator x2  
  116  22:56  Refinery x2  
  116  23:02  Missile Turret  
  116  23:17  Medivac x2  
  120  23:25  Liberator  
Tags
 
Add a new tag
Caveats
  • Supply blocks, unpowered buildings, or Contaminate may cause inaccurate times.
  • Supply counts are checked every 10 seconds.